Map: Prion Terraces

Players

Gracz

  • Race: Terran Terran
  • League: Bronze

BioHaZarD - Winner!

  • Race: Protoss Protoss
  • League: Silver

VOD

Have the link to the VOD?

Description

Time

  • Played on: May 5, 2016, 12:38 p.m.
  • Length: 7:55
Show
View Real Time Build Order
Export as new Build Order

Gracz Terran 

Build Orders:  

Get SALT Encoding   

  12  0:02  SCV  
  13  0:14  Supply Depot  
  13  0:45  Barracks  
  13  0:49  Barracks  
  13  0:59  Barracks  
  14  1:32  SCV  
  14  1:36  Refinery  
  14  1:44  SCV  
  15  1:51  Marine x3  
  18  2:09  Marine x3  
  21  2:26  Marine  
  21  2:27  Marine  
  23  2:39  Supply Depot  
  23  3:00  Marine x3  
  26  3:15  Engineering Bay  
  26  3:18  Marine x3  
  26  3:36  Marine  
  25  4:18  Barracks  
  25  4:25  Factory  
  25  4:29  Refinery  
  25  4:54  SCV  
  26  5:06  SCV  
  27  5:08  Barracks Reactor x2  
  27  5:16  Factory Tech Lab  
  27  5:18  SCV  
  28  5:30  SCV  
  29  5:39  Marine x2  
  31  5:54  SCV  
  22  6:12  Siege Tank  
  25  6:24  Barracks Reactor x2, Starport  
  25  7:15  Starport Tech Lab  
  25  7:18  Starport  
  25  7:26  Starport  
  25  7:27  Orbital Command  
Show
View Real Time Build Order
Export as new Build Order

BioHaZarD Protoss - Winner!

Build Orders:  

Get SALT Encoding   

  12  0:02  Probe (Chrono Boost)  
  13  0:13  Probe (Chrono Boost)  
  14  0:18  Pylon  
  14  0:23  Probe (Chrono Boost)  
  15  0:37  Probe (Chrono Boost)  
  15  0:38  Gateway  
  16  0:47  Probe (Chrono Boost)  
  17  0:58  Probe (Chrono Boost)  
  18  1:08  Probe (Chrono Boost)  
  19  1:26  Pylon  
  19  1:37  Gateway  
  19  1:38  Cybernetics Core  
  19  1:40  Probe (Chrono Boost)  
  19  1:45  Assimilator  
  20  1:49  Zealot  
  20  1:50  Probe (Chrono Boost)  
  23  2:07  Gateway  
  23  2:08  Gateway  
  23  2:12  Assimilator  
  23  2:16  Pylon  
  23  2:19  Zealot  
  25  2:26  Zealot  
  27  2:52  Mothership Core (Chrono Boost)  
  27  2:56  Zealot x2  
  27  2:57  Zealot x2  
  37  3:10  Pylon, Warp Gate (Chrono Boost)  
  37  3:15  Pylon  
  37  3:32  Stalker x2  
  41  3:52  Stalker  
  43  4:03  Nexus  
  43  4:12  Zealot  
  43  4:14  Sentry  
  47  4:37  Adept x2  
  51  4:39  Adept  
  51  4:45  Adept  
  55  5:15  Probe  
  56  5:27  Probe  
  57  5:39  Probe  
  57  5:40  Probe  
  59  5:51  Probe x2  
  59  5:54  Pylon  
  61  6:02  Probe  
  61  6:03  Probe  
  63  6:11  Stalker x3  
  69  6:20  Probe  
  69  6:22  Probe  
  71  6:31  Probe  
  71  6:34  Probe  
  73  6:40  Adept x2  
  77  7:05  Pylon  
  77  7:10  Assimilator  
  77  7:12  Assimilator, Pylon  
  77  7:14  Robotics Facility  
  77  7:24  Pylon  
  77  7:45  Stalker x4  
Tags
 
Add a new tag
Caveats
  • Supply blocks, unpowered buildings, or Contaminate may cause inaccurate times.
  • Supply counts are checked every 10 seconds.